 Dungeon Crawl Stone Soup version 0.17-a0-1409-ge6d9485 (webtiles) character file.

2944 Fluffy the Basher (level 9, -21/55 HPs)
             Began as a Gargoyle Fighter on June 21, 2015.
             Was a Believer of the Shining One.
             Killed by the air
             ... invoked by Gastronok
              (34 damage)
             ... on level 8 of the Dungeon on June 22, 2015.
             The game lasted 00:19:37 (6160 turns).

Fluffy the Basher (Gargoyle Fighter)                Turns: 6160, Time: 00:19:37

Health: -21/55     AC: 24    Str: 21    XL:     9   Next: 80%
Magic:  12/12      EV:  6    Int:  8    God:    the Shining One [**....]
Gold:   372        SH:  5    Dex: 12    Spells: 0 memorised, 8 levels left

rFire  . . .     SeeInvis .     t - +5 mace (holy)
rCold  + . .     Clarity  .     q - +0 plate armour
rNeg   + + +     SustAt   .     w - +0 buckler "Ofied" {rC+ rN+ MR- Slay+3} (curse)
rPois  ∞         Gourm    +     n - +0 helmet
rElec  +         Spirit   .     b - +2 cloak
rCorr  .         Warding  .     x - +1 pair of gloves
rMut   .         Stasis   .     y - -2 pair of boots (curse)
MR     .....                    A - amulet of the gourmand
Stlth  ..........               i - ring of protection from magic
                                c - ring of loudness (curse)

@: glowing, not resistant to hostile enchantments, extremely unstealthy
A: negative energy resistance 1, electricity resistance, unbreathing,
petrification resistance, rot immunity, AC +5
a: Divine Shield, Renounce Religion


You were on level 8 of the Dungeon.
You worshipped the Shining One.
The Shining One was pleased with you.
You were hungry.

You visited 2 branches of the dungeon, and saw 9 of its levels.
You also visited: Sewer.

You collected 372 gold pieces.

Inventory:

Hand weapons
 t - a +5 mace of holy wrath (weapon)
Armour
 b - a +2 cloak (worn)
 n - a +0 helmet (worn)
 q - a +0 plate armour (worn)
 w - the cursed +0 buckler "Ofied" (worn) {rC+ rN+ MR- Slay+3}
   (You found it on level 5 of the Dungeon)

   It affects your accuracy and damage with ranged weapons and melee attacks
   (+3).
   It protects you from cold.
   It protects you from negative energy.
   It affects your resistance to hostile enchantments.
   It has a curse placed upon it.
 x - a +1 pair of gloves (worn)
 y - a cursed -2 pair of boots (worn)
Jewellery
 c - a cursed ring of loudness (left hand)
 i - a ring of protection from magic (right hand)
 A - an amulet of the gourmand (around neck)
Magical devices
 l - a wand of flame (16)
 v - a wand of enslavement (14)
Scrolls
 p - 5 scrolls of remove curse
 r - 2 scrolls of teleportation
Potions
 a - 3 potions of flight
 d - 2 potions of might
 j - 4 potions of brilliance
 m - 2 potions of heal wounds
 o - 8 potions of curing
 s - a potion of haste {unknown}
 u - 4 potions of agility
Comestibles
 e - 12 bread rations
 f - 5 meat rations
 g - 3 beef jerkies
 h - a royal jelly
 k - 7 fruits
 z - a slice of pizza


   Skills:
 + Level 5.7 Fighting
 + Level 10.0 Maces & Flails
 + Level 5.7 Armour
 + Level 6.0 Shields
 + Level 4.6 Invocations


You had 8 spell levels left.
You didn't know any spells.

Dungeon Overview and Level Annotations

Branches:
Dungeon (8/15)             Temple (1/1) D:5
   Lair: D:8-11

Altars:
Ashenzari
Cheibriados
Fedhas
Gozag
Kikubaaqudgha
Makhleb
Nemelex Xobeh
Okawaru
Qazlal
Ru
Trog
Vehumet
Xom
The Shining One

Shops:
D:7 }

Annotations:
D:8 Gastronok


Innate Abilities, Weirdness & Mutations

You are resistant to torment.
Your stone body is resilient (AC +5).
You are immune to poison.
You resist negative energy.
You are resistant to electric shocks.
You can survive without breathing.
You are immune to petrification.
You are immune to rotting.


Message History

The slave hits you but does no damage. Pikel hits you but does no damage.
You block the slave's attack.
Gastronok waves his eye-stalks in wide circles.
The air twists around and strikes you!
You thump Pikel!
You kill Pikel!
Your Maces & Flails skill increases to level 10!
Your Shields skill increases to level 6!
With Pikel's spell broken, the former slaves thank you for their freedom.
Unknown command.
Gastronok bites you!
* * * LOW HITPOINT WARNING * * *
There is a stone staircase leading up here.
Things that are here:
a whip of freezing; a runed robe; the big kobold corpse of Pikel Gastronok gurgles, "A snack!
A snack!"
Gastronok waves his eye-stalks in wide circles.
The air twists around and strikes you!
Ouch! That really hurt!
You die...

####### ##...pp##
##.......#
#........#
####.....)..#
#........%wp#
#......@..(.#
#.......p..........
##.#...............
# ##.(............
........#......#
###.####....#### #.
.#### #. #


You could see Gastronok and 4 neutral freed slaves.

Vanquished Creatures
  Pikel (D:8)
  A spriggan (D:7)
  A hungry ghost (D:7)
  Menkaure (D:4)
  An ice beast (D:7)
  A sky beast (D:7)
  4 ogres
  3 big kobolds
  A giant frog (D:6)
  2 scorpions
  4 wights (D:7)
  A quasit (D:3)
  A crimson imp (D:5)
  A giant frog zombie (D:5)
  An iguana (D:3)
  3 jellies (D:5)
  Crazy Yiuf (D:4)
  A giant frog skeleton (D:5)
  4 orc wizards
  4 orc priests
  6 worker ants
  A hound zombie (D:7)
  A worker ant zombie (D:7)
  10 gnolls
  9 adders
  3 shadow imps (D:5)
  2 river rats (D:4)
  3 worms
  5 giant geckos
  14 orcs
  14 bats
  12 goblins
  11 hobgoblins
  10 jackals
  6 quokkas
  5 ball pythons
  6 giant cockroaches
  9 giant newts
  24 kobolds
  7 rats
195 creatures vanquished.

Notes
Turn   | Place    | Note
--------------------------------------------------------------
     0 | D:1      | Fluffy the Gargoyle Fighter began the quest for the Orb.
     0 | D:1      | Reached XP level 1. HP: 14/14 MP: 1/1
    69 | D:1      | Reached XP level 2. HP: 14/19 MP: 2/2
   629 | D:1      | Reached XP level 3. HP: 16/23 MP: 3/3
  1118 | D:2      | Reached skill level 4 in Maces & Flails
  1346 | D:2      | Reached XP level 4. HP: 23/28 MP: 4/4
  1351 | D:2      | Found a sacrificial altar of Ru.
  1523 | D:2      | Found a burning altar of Makhleb.
  1523 | D:2      | Noticed a blizzard demon
  1567 | D:3      | Reached skill level 5 in Maces & Flails
  1567 | D:3      | Reached XP level 5. HP: 11/32 MP: 5/5
  2099 | D:3      | Reached skill level 6 in Maces & Flails
  2099 | D:3      | Reached XP level 6. HP: 33/37 MP: 6/6
  2447 | D:4      | Found a glowing drain.
  2451 | Sewer    | Entered a sewer
  2745 | Sewer    | Reached skill level 7 in Maces & Flails
  2830 | D:4      | Reached XP level 7. HP: 37/41 MP: 7/7
  2896 | D:4      | Reached skill level 8 in Maces & Flails
  3344 | D:4      | Found a sparkling altar of Nemelex Xobeh.
  3384 | D:4      | Noticed Crazy Yiuf
  3393 | D:4      | Killed Crazy Yiuf
  3460 | D:4      | Noticed Menkaure
  3465 | D:4      | Killed Menkaure
  3753 | D:5      | Entered Level 5 of the Dungeon
  3816 | D:5      | Reached skill level 9 in Maces & Flails
  3816 | D:5      | Reached XP level 8. HP: 42/46 MP: 8/8
  3849 | D:5      | Found a staircase to the Ecumenical Temple.
  3870 | Temple   | Entered the Ecumenical Temple
  3902 | Temple   | Upgraded the game from 0.17-a0-1404-gb8113a6 to 0.17-a0-1409-ge6d9485
  3913 | Temple   | Became a worshipper of the Shining One
  4073 | D:5      | Got a jewelled buckler
  4084 | D:5      | Identified the cursed +0 buckler "Ofied" {rC+ rN+ MR- Slay+3} (You found it on level 5 of the Dungeon)
  4232 | D:5      | Reached skill level 1 in Invocations
  4758 | D:6      | Found a stormy altar of Qazlal.
  5204 | D:6      | Acquired the Shining One's first power
  5375 | D:7      | Reached XP level 9. HP: 47/52 MP: 11/11
  5489 | D:7      | Reached skill level 5 in Shields
  5529 | D:7      | Found Pyrr's Gadget Boutique.
  5540 | D:7      | Found an iron altar of Okawaru.
  5657 | D:7      | Found a snail-covered altar of Cheibriados.
  5716 | D:7      | Reached skill level 5 in Fighting
  5716 | D:7      | Reached skill level 5 in Armour
  5738 | D:7      | Acquired the Shining One's second power
  6147 | D:8      | Noticed Pikel
  6147 | D:8      | Noticed Gastronok
  6154 | D:8      | Killed Pikel
  6154 | D:8      | Reached skill level 10 in Maces & Flails
  6160 | D:8      | Killed from afar by Gastronok

Vault maps used:
D:1:      dpeg_arrival_simpleton_b, minmay_misc_feat_alley, minmay_hedge_maze
D:2:      wad_pebble_path, nicolae_ru_great_annihilating_truth,
          makhleb_altar_promises_db
D:3:      first_bread, minivault_19, minmay_stone_trees_small, amalloy_card_club
D:4:      nemelex_deck, gup_sewer_entry_bowl, uniq_menkaure,
          uniq_crazy_yiuf_cottage
D:5:      minmay_temple_entry_statues
D:6:      grunt_qazlal_clouds, lemuel_flamethrower_1
D:7:      kennysheep_mini_moat, okawaru_ov_weapons_minmay, serial_shops, shop,
          the_bakery, minivault_1
D:8:      lemuel_ratsnest, lemuel_crystal_altar, uniq_grum, uniq_pikel,
          uniq_gastronok
Temple:   temple_eino_lava_8
Sewer:    kennysheep_pipe_town

Action                   |  1- 3 |  4- 6 |  7- 9 || total
-------------------------+-------+-------+-------++-------
Melee: Flail             |   131 |    47 |       ||   178
       Mace              |       |   157 |   304 ||   461
  Use: Scroll            |       |     3 |    14 ||    17
       Potion            |       |       |     1 ||     1
 Stab: Paralysed         |       |     1 |       ||     1
  Eat: Chunk             |     2 |     5 |     7 ||    14
       Bread ration      |       |       |     1 ||     1
